 Dungeon Crawl Stone Soup version 0.18.1-1-g2f07953 (webtiles) character file.

38622 nikopol the Fighter (level 14, -5/186 HPs)
             Began as a Hill Orc Berserker on May 6, 2016.
             Was a High Priest of Trog.
             Splashed by an acid blob's acid (14 damage)
             ... on level 6 of the Lair of Beasts on May 7, 2016.
             The game lasted 01:20:23 (20095 turns).

nikopol the Fighter (Hill Orc Berserker)           Turns: 20095, Time: 01:20:23

Health: -5/186     AC:  7    Str: 29    XL:     14   Next: 2%
Magic:  0/14       EV: 12    Int:  7    God:    Trog [*****.]
Gold:   919        SH: 14    Dex: 14    Spells: 0 memorised, 13 levels left

rFire  . . .     SeeInvis +     b - +5 flail of Pandemonium {speed, Fragile +Blink +Rage Str+3}
rCold  + . .     Gourm    .     Z - +7 chain mail "Ferghurph" {rN+}
rNeg   + . .     Faith    .     T - +1 shield {AC+3}
rPois  .         Spirit   +     p - +1 helmet
rElec  .         Dismiss  .     Q - +1 cloak
rCorr  .         Reflect  .     G - +1 pair of gloves
SustAt .         Harm     .     y - +1 pair of boots
MR     ++...                    A - amulet of guardian spirit
Stlth  ..........               u - ring of protection from magic
                                f - ring of see invisible

@: berserking (expiring), corroded, very quick, very resistant to hostile
enchantments, extremely unstealthy
A: cold resistance 1
a: Berserk, Trog's Hand, Brothers in Arms, Burn Spellbooks, Renounce Religion,
Evoke Blink, Evoke Berserk Rage


You were on level 6 of the Lair of Beasts.
You worshipped Trog.
Trog was extremely pleased with you.
You were not hungry.

You visited 2 branches of the dungeon, and saw 18 of its levels.
You also visited: Volcano.

You collected 1234 gold pieces.
You spent 315 gold pieces at shops.

Inventory:

Hand Weapons
 b - the +5 flail of Pandemonium (weapon) {speed, Fragile +Blink +Rage Str+3}
   (You found it on level 9 of the Dungeon)

   Attacks with this weapon are significantly faster.
   It affects your strength (+3).
   It lets you blink.
   It lets you go berserk.
   It will be destroyed if unequipped.
 B - a +1 vampiric war axe
 N - the +6 mace "Xeqamiul" {freeze, rN+ Dex+4}
   (You found it on level 7 of the Dungeon)

   It has been specially enchanted to freeze those struck by it, causing extra
   injury to most foes and up to half again as much damage against particularly
   susceptible opponents.
   It can also slow down cold-blooded creatures.
   It affects your dexterity (+4).
   It protects you from negative energy.
 O - a +4 dire flail of draining
Missiles
 C - 11 tomahawks (quivered)
Armour
 e - a +1 pearl dragon armour
 h - a +0 plate armour of fire resistance
 p - a +1 helmet (worn)
 y - a +1 pair of boots (worn)
 G - a +1 pair of gloves (worn)
 Q - a +1 cloak (worn)
 T - a +1 shield of protection (worn)
 Z - the +7 chain mail "Ferghurph" (worn) {rN+}
   (You found it on level 6 of the Lair of Beasts)

   It protects you from negative energy.
Jewellery
 f - a ring of see invisible (left hand)
 u - a ring of protection from magic (right hand)
 A - an amulet of guardian spirit (around neck)
 J - an uncursed ring of flight
Wands
 a - a wand of disintegration (7/24)
 i - a wand of paralysis (20/24)
 m - a wand of paralysis (14/24)
 t - a wand of acid (12/15)
 z - a wand of flame (22/48)
 I - a wand of acid (8/15)
 K - a wand of flame (25/48)
 R - a wand of flame (12/48)
 U - a wand of iceblast (6/15)
 Y - a wand of flame (21/48)
Scrolls
 g - 7 scrolls of fog
 j - 4 scrolls of recharging
 l - 10 scrolls of teleportation
 o - 3 scrolls of remove curse
 q - 4 scrolls of enchant weapon
 w - 3 scrolls of blinking
 L - a scroll of magic mapping
 V - 5 scrolls of identify
 X - 2 scrolls of holy word
Potions
 k - 3 potions of agility
 n - 3 potions of cancellation
 r - 2 potions of curing
 s - 4 potions of brilliance
 v - 3 potions of haste
 x - 4 potions of resistance
 D - 7 potions of heal wounds
 E - 3 potions of flight
 H - 2 potions of cure mutation
 M - 2 potions of might
Comestibles
 c - 14 bread rations
 d - 11 meat rations
 F - a chunk of flesh
 P - 11 fruits
 S - a beef jerky
 W - a slice of pizza


   Skills:
 + Level 11.6 Fighting
 - Level 9.1(12.3) Axes
 * Level 11.4(12.2) Maces & Flails
 + Level 7.2 Throwing
 + Level 10.2 Armour
 + Level 7.7 Dodging
 * Level 11.6 Shields


You had 13 spell levels left.
You didn't know any spells.

Dungeon Overview and Level Annotations

Branches:
Dungeon (12/15)            Temple (0/1) D:4            Lair (6/8) D:10
 Shoals (0/4) Lair:6        Snake (0/4) Lair:5        Slime (0/6) Lair:6
    Orc (0/2) D:11

Altars:
Ashenzari
Cheibriados
Gozag
Kikubaaqudgha
Pakellas
Qazlal
Ru
Vehumet
Xom
Yredelemnul
The Shining One
Jiyva

Shops:
D:5 !   D:9 }   D:10 *?:(:

Annotations:
D:6 Prince Ribbit


Innate Abilities, Weirdness & Mutations

Your flesh is cold resistant.


Message History

* * * LOW HITPOINT WARNING * * *
The acid blob is lightly wounded.
You thump the acid blob!
Your hands burn!
* * * LOW HITPOINT WARNING * * *
The acid blob is lightly wounded.
You hit the acid blob but do no damage.
Your hands burn!
* * * LOW HITPOINT WARNING * * *
The acid blob is lightly wounded.
You hit the acid blob.
Your hands burn!
* * * LOW HITPOINT WARNING * * *
The acid blob is lightly wounded.
The acid blob spits acid at you. The splash of acid hits you!
* * * LOW HITPOINT WARNING * * *
The acid burns!
* * * LOW HITPOINT WARNING * * *
You feel a strong urge to attack something.
The acid blob spits acid at you. The splash of acid hits you!
The acid corrodes you!
The acid burns!
You die...

# ####..≈##..#######.##########
#####.##.≈≈#...#P..#...#.....#.#.
......#.#≈##....................#
......#.>≈#.....................#
....(.#.#≈##..............÷......
......##.≈≈#....................P
..#....#..≈##......#PP.....P.....
#####..##.≈.#.....######........#
.# #...#..≈#...@..#...#.........
P## #...###.......JJ_.>#...#....P
.P###............).#...#...P....#
.##.#............P.#####..PP.....
...##.....))......####.....P.....
<.##.....).......P###P....P.....#
...##....).........# #...........
..##......)......### #.....#.....
...##......#.......# #..........P


You could see an acid blob and a slime creature.

Vanquished Creatures
  An acid blob (Lair:6)
  Erolcha (D:10)
  The ghost of lightmor the Severer, a journeyman MiBe of Trog (D:10)
  A catoblepas (Lair:6)
  6 hydras
  10 death yaks
  A fire crab (Volcano)
  2 hill giants (D:10)
  2 griffons
  A manticore (Volcano)
  7 black mambas
  5 spiny frogs
  A kobold demonologist (D:11)
  7 komodo dragons
  A rime drake (Lair:6)
  2 trolls
  2 merfolk
  A boulder beetle (D:9)
  4 blink frogs (Lair:6)
  Sigmund (D:2)
  A spriggan (D:10)
  19 yaks
  3 fire bats (Volcano)
  2 basilisks
  A fire elemental (Volcano)
  4 hippogriffs
  13 water moccasins
  8 porcupines
  An orc warrior (D:10)
  2 black bears
  An ice beast (D:9)
  A sky beast (D:6)
  A phantom (D:6)
  A necrophage (D:9)
  2 ogres
  5 centaurs
  6 wolves
  3 crocodiles
  Blork the orc (D:5)
  15 giant frogs
  A wyvern zombie (D:6)
  2 scorpions
  2 howler monkeys
  3 electric eels
  6 crimson imps
  7 lava snakes
  A giant frog zombie (D:11)
  3 quasits
  A centaur zombie (D:6)
  7 hounds
  2 giant frog skeletons
  5 orc priests
  18 iguanas
  Crazy Yiuf (D:7)
  Jessica (D:3)
  4 centaur skeletons
  3 orc wizards
  6 hell rats (Lair:4)
  10 worker ants
  13 sheep
  A worker ant zombie (D:7)
  Robin (D:1)
  3 gnolls
  14 adders
  A howler monkey skeleton (D:4)
  25 river rats
  2 shadow imps
  An ooze (D:5)
  An adder skeleton (D:7)
  An adder zombie (D:3)
  3 worms
  10 dart slugs
  4 giant geckos
  28 orcs
  5 ball pythons
  5 bats
  5 giant cockroaches
  14 goblins
  10 hobgoblins
  3 jackals
  8 kobolds
  2 quokkas
  6 giant newts
  A jackal zombie (D:5)
  9 rats
  5 fungi
  A plant (D:10)
412 creatures vanquished.

Vanquished Creatures (collateral kills)
  Gastronok (Lair:3)
  2 sirens (Lair:6)
  A merfolk (Lair:6)
  A crocodile (Lair:6)
5 creatures vanquished.

Vanquished Creatures (others)
  2 dart slugs (D:7)
  22 fungi
  8 plants
32 creatures vanquished.

Grand Total: 449 creatures vanquished

Notes
Turn   | Place    | Note
--------------------------------------------------------------
     0 | D:1      | nikopol the Hill Orc Berserker began the quest for the Orb.
     0 | D:1      | Reached XP level 1. HP: 19/19 MP: 1/1
   180 | D:1      | Reached XP level 2. HP: 24/27 MP: 2/2
   705 | D:2      | Noticed Robin
   720 | D:2      | Reached ** piety under Trog
   720 | D:2      | Reached XP level 3. HP: 31/33 MP: 3/3
   739 | D:1      | Killed Robin
  1032 | D:2      | Found a faded altar to an unknown god.
  1057 | D:2      | Found a sacrificial altar of Ru.
  1058 | D:2      | Found a snail-covered altar of Cheibriados.
  1098 | D:2      | Reached XP level 4. HP: 39/41 MP: 4/4
  1715 | D:2      | Noticed Sigmund
  1729 | D:2      | Killed Sigmund
  1729 | D:2      | Reached skill level 5 in Fighting
  1729 | D:2      | Reached skill level 5 in Axes
  1729 | D:2      | Reached XP level 5. HP: 48/48 MP: 5/5
  1729 | D:2      | Reached XP level 6. HP: 56/56 MP: 6/6
  2200 | D:2      | Found a shattered altar of Ashenzari.
  2645 | D:3      | Reached *** piety under Trog
  2922 | D:3      | Noticed Jessica
  2930 | D:3      | Killed Jessica
  3225 | D:4      | Reached XP level 7. HP: 36/61 MP: 7/7
  3650 | D:4      | Found a staircase to the Ecumenical Temple.
  3872 | D:4      | Found an opulent altar of Gozag.
  4506 | D:5      | Entered Level 5 of the Dungeon
  4714 | D:5      | Reached skill level 5 in Armour
  5000 | D:5      | Reached XP level 8. HP: 62/71 MP: 8/8
  5007 | D:5      | Found Otweom's Distillery.
  5451 | D:5      | Noticed Blork the orc
  5471 | D:5      | Killed Blork the orc
  6221 | D:6      | Reached skill level 1 in Throwing
  6245 | D:6      | Noticed Prince Ribbit
  6258 | D:6      | Reached skill level 1 in Shields
  6667 | D:6      | Reached XP level 9. HP: 76/79 MP: 9/9
  6898 | D:6      | Reached **** piety under Trog
  6966 | D:6      | Found a stormy altar of Qazlal.
  8373 | D:7      | Found a radiant altar of Vehumet.
  8788 | D:7      | Found a basalt altar of Yredelemnul.
  9232 | D:7      | Found an ancient bone altar of Kikubaaqudgha.
  9484 | D:7      | Noticed Crazy Yiuf
  9494 | D:7      | Killed Crazy Yiuf
  9503 | D:7      | Got a pitted mace
  9504 | D:7      | Identified the +6 mace "Xeqamiul" {freeze, rN+ Dex+4} (You found it on level 7 of the Dungeon)
  9611 | D:8      | Gained mutation: Your flesh is cold resistant. [potion of beneficial mutation]
  9730 | D:8      | Found a shimmering altar of Xom.
  9814 | D:8      | Reached skill level 1 in Maces & Flails
  9872 | D:8      | Found a glowing golden altar of the Shining One.
 10215 | D:9      | Got a warped flail
 10216 | D:9      | Identified the +5 flail of Pandemonium {speed, Fragile +Blink +Rage Str+3} (You found it on level 9 of the Dungeon)
 10646 | D:9      | Noticed a troll
 10659 | D:9      | Killed a troll
 10659 | D:9      | Reached skill level 5 in Dodging
 10659 | D:9      | Reached XP level 10. HP: 73/88 MP: 7/10
 10744 | D:9      | Found an oddly glowing altar of Pakellas.
 10744 | D:9      | Found Pakellas's Prime Provisions.
 10866 | D:10     | Entered Level 10 of the Dungeon
 10880 | D:10     | Noticed a hill giant
 10896 | D:10     | Killed a hill giant
 10896 | D:10     | Reached skill level 5 in Shields
 11200 | D:10     | Found Diwieny's Antique Weapon Emporium.
 11303 | D:10     | Found Uhoo's Book Emporium.
 11315 | D:10     | Found Nefia's General Store.
 11339 | D:10     | Found Dorut's Magic Scroll Boutique.
 11403 | D:10     | Found a staircase to the Lair.
 11414 | D:10     | Reached ***** piety under Trog
 11418 | D:10     | Noticed a hill giant
 11430 | D:10     | Killed a hill giant
 11567 | D:10     | Noticed Erolcha
 11579 | D:10     | Killed Erolcha
 11579 | D:10     | Reached skill level 5 in Maces & Flails
 11849 | D:10     | Found Rehesi's Book Boutique.
 11955 | D:10     | Noticed lightmor's ghost (journeyman MiBe)
 11979 | D:10     | Killed lightmor's ghost
 11979 | D:10     | Reached XP level 11. HP: 92/97 MP: 0/11
 12200 | D:11     | Found a staircase to the Orcish Mines.
 12474 | D:11     | Received a gift from Trog
 12661 | Lair:1   | Entered Level 1 of the Lair of Beasts
 12899 | D:10     | Bought a scroll of enchant armour for 105 gold pieces
 12899 | D:10     | Bought a scroll of enchant armour for 105 gold pieces
 12899 | D:10     | Bought a scroll of enchant armour for 105 gold pieces
 14750 | Lair:3   | Noticed an eight-headed hydra
 14763 | Lair:3   | Killed an eight-headed hydra
 14818 | Lair:3   | Noticed Gastronok
 14832 | Lair:3   | Killed Gastronok
 14884 | Lair:3   | Noticed a seven-headed hydra
 14898 | Lair:3   | Killed a seven-headed hydra
 14898 | Lair:3   | Reached skill level 5 in Throwing
 14898 | Lair:3   | Reached XP level 12. HP: 106/106 MP: 10/12
 14997 | Lair:3   | Reached skill level 10 in Fighting
 16182 | Lair:4   | Received a gift from Trog
 16246 | Lair:4   | Noticed a six-headed hydra
 16255 | Lair:4   | Killed a six-headed hydra
 16878 | Lair:5   | Noticed a seven-headed hydra
 16884 | Lair:5   | Killed a seven-headed hydra
 16994 | Lair:5   | Found a dark tunnel.
 17022 | Volcano  | Entered a volcano
 17330 | Volcano  | Reached skill level 10 in Shields
 17429 | Volcano  | Found a burning altar of Makhleb.
 17450 | Volcano  | Reached skill level 10 in Maces & Flails
 17450 | Volcano  | Reached XP level 13. HP: 63/114 MP: 4/13
 17882 | Lair:5   | Found a staircase to the Snake Pit.
 18211 | Lair:5   | Received a gift from Trog
 19334 | Lair:6   | Reached skill level 10 in Armour
 19362 | Lair:6   | Found a runed door.
 19362 | Lair:6   | Found a viscous altar of Jiyva.
 19378 | Lair:6   | Received a gift from Trog
 19520 | Lair:6   | Found a staircase to the Shoals.
 19656 | Lair:6   | Got a heavily runed chain mail
 19667 | Lair:6   | Identified the +7 chain mail "Ferghurph" {rN+} (You found it on level 6 of the Lair of Beasts)
 20054 | Lair:6   | Noticed an acid blob
 20057 | Lair:6   | Found a staircase to the Slime Pits.
 20058 | Lair:6   | Noticed an acid blob
 20082 | Lair:6   | Killed an acid blob
 20082 | Lair:6   | Reached XP level 14. HP: 42/124 MP: 2/14
 20093 | Lair:6   | HP: 8/186 [acid (10)]
 20095 | Lair:6   | Splashed by an acid blob's acid

Skill      XL: |  1  2  3  4  5  6  7  8  9 10 11 12 13 |
---------------+----------------------------------------+-----
Fighting       | 4 5 6 7 8 9 10 11 | 11.6
Dodging        | 2 3 4 5 6 7 |  7.7
Armour         | 3 4 5 6 7 8 9 10 | 10.2
Axes           | 5 6 8 9 |  9.1
Throwing       | 1 2 4 5 6 7 |  7.2
Shields        | 2 4 6 8 10 11 | 11.6
Maces & Flails | 3 5 8 10 11 | 11.4

Action                   |  1- 3 |  4- 6 |  7- 9 | 10-12 | 13-15 || total
-------------------------+-------+-------+-------+-------+-------++-------
Melee: Hand axe          |    88 |   206 |   229 |       |       ||   523
       War axe           |       |       |   301 |       |       ||   301
       Mace              |       |       |    32 |       |       ||    32
       Flail             |       |       |    27 |   799 |   426 ||  1252
Throw: Tomahawk          |       |       |    28 |    17 |     3 ||    48
Invok: Berserk           |     1 |     2 |     3 |     5 |     3 ||    14
       Burn Spellbooks   |       |       |     3 |     1 |       ||     4
       Trog's Hand       |       |       |     2 |     1 |       ||     3
       Brothers in Arms  |       |       |       |     1 |     1 ||     2
  Use: Scroll            |       |       |    21 |    17 |       ||    38
       Potion            |       |       |     1 |       |       ||     1
 Stab: Sleeping          |       |     1 |       |       |       ||     1
       Distracted        |       |       |       |       |     1 ||     1
  Eat: Chunk             |       |    11 |    16 |    26 |     7 ||    60
       Bread ration      |       |       |     2 |       |       ||     2
       Beef jerky        |       |       |     1 |     1 |       ||     2
       Pizza             |       |       |       |       |     2 ||     2
       Royal jelly       |       |       |       |       |     1 ||     1
Armor: Animal skin       |     3 |       |       |       |       ||     3
       Ring mail         |    21 |    72 |    53 |    17 |     1 ||   164
       Pearl dragon armo |       |       |   200 |   200 |   117 ||   517
       Chain mail        |       |       |       |       |    14 ||    14
Dodge: Dodged            |    51 |    88 |   263 |   213 |   108 ||   723
Block: Shield            |       |       |   152 |   361 |   177 ||   690
